 Dungeon Crawl Stone Soup version 0.21.1-1-g345015f (webtiles) character file.

84 Doobh the Sneak (level 4, 0/27 HPs)
             Began as a Kobold Assassin on July 30, 2018.
             Slain by an orc
             ... wielding a +0 flail
              (7 damage)
             ... on level 3 of the Dungeon.
             The game lasted 00:17:41 (2071 turns).

Doobh the Sneak (Kobold Assassin)                   Turns: 2071, Time: 00:17:42

Health: 0/27       AC:  3    Str:  8    XL:     4   Next: 72%
Magic:  4/4        EV: 14    Int: 12    God:
Gold:   54         SH:  0    Dex: 17    Spells: 3/3 levels left

rFire    . . .     SeeInvis .   a - +2 dagger
rCold    . . .     Gourm    .   (shield restricted)
rNeg     . . .     Faith    .   c - +0 robe
rPois    .         Spirit   .   (no helmet)
rElec    .         Reflect  .   d - +0 cloak
rCorr    .         Harm     .   (no gloves)
MR       .....                  (no boots)
Stlth    ++++......             (no amulet)
HPRegen  0.09/turn              (no ring)
MPRegen  0.09/turn              (no ring)

@: no status effects
A: small, carnivore
a: no special abilities


You were on level 3 of the Dungeon.
You were not hungry.

You visited 1 branch of the dungeon, and saw 3 of its levels.

You collected 54 gold pieces.

Inventory:

Hand Weapons
 a - a +2 dagger (weapon)
 b - a +0 blowgun
 k - a +0 hunting sling
Missiles
 e - 8 poisoned needles
 f - 2 curare-tipped needles
 j - 50 stones (quivered)
 w - 17 sling bullets
Armour
 c - a +0 robe (worn)
 d - a +0 cloak (worn)
Jewellery
 q - an uncursed ring of resist corrosion {unknown}
Scrolls
 g - 2 scrolls of magic mapping {unknown}
 h - 6 scrolls of identify {unknown}
 i - 2 scrolls of immolation {unknown}
 l - a scroll of random uselessness {unknown}
 p - 2 scrolls of enchant armour {unknown}
 u - a scroll of enchant weapon {unknown}
Potions
 m - a potion of berserk rage {unknown}
 n - a potion of heal wounds {unknown}
 o - a potion of invisibility {unknown}
 r - a potion of might {unknown}
 s - 2 potions of haste {unknown}
 v - a potion of lignification {unknown}
Comestibles
 t - 2 rations


   Skills:
 + Level 2.5 Fighting
 + Level 3.2 Short Blades
 + Level 2.6 Throwing
 + Level 1.5 Dodging
 + Level 7.2 Stealth


You had 3 spell levels left.
You didn't know any spells.

Dungeon Overview and Level Annotations

Branches:
Dungeon (3/15)

Altars:
Kikubaaqudgha
Okawaru
Zin


Innate Abilities, Weirdness & Mutations

You are small and have problems with some larger weapons.
You are carnivorous and can eat meat at any time.


Message History

You hit the orc.
The orc is moderately wounded.
The orc barely misses you.
You hit the orc but do no damage.
The orc is moderately wounded.
The orc hits you with a flail.
You are too injured to fight recklessly!
You are too injured to fight recklessly!
You hit the orc but do no damage.
The orc is moderately wounded.
The orc hits you with a flail.
* * * LOW HITPOINT WARNING * * *
You climb upwards.
There is a stone staircase leading down here.
The orc closely misses you.
You climb downwards.
There is a stone staircase leading up, spattered with blood here.
You see here 3 tomahawks.
The orc hits you with a flail!
You die...

####.###########
#.............#
#.............#
#.............#
#...[<........#
#......)......#
#.............#
####.....o..[.#
#......@...#
#..........#
#######<####
#...# ....#.#
......#(# .#..#
### .... ...


You could see an orc.

Vanquished Creatures
  Jessica (D:2)
  A gnoll (D:1)
  An adder (D:2)
  A worm (D:2)
  A dart slug (D:1)
  A leopard gecko (D:2)
  3 orcs (D:3)
  4 bats (D:1)
  2 giant cockroaches (D:1)
  4 goblins (D:1)
  2 hobgoblins (D:1)
  5 kobolds
  2 frilled lizards
  2 rats
30 creatures vanquished.

Notes
Turn   | Place    | Note
-------+----------+-------------------------------------------
     0 | D:1      | Doobh the Kobold Assassin began the quest for the Orb.
     0 | D:1      | Reached XP level 1. HP: 12/12 MP: 1/1
   222 | D:1      | Reached XP level 2. HP: 16/17 MP: 2/2
   244 | D:1      | Reached skill level 6 in Stealth
   800 | D:1      | Reached XP level 3. HP: 21/22 MP: 3/3
  1029 | D:2      | Found a glowing silver altar of Zin.
  1392 | D:2      | Found an iron altar of Okawaru.
  1458 | D:2      | Found an ancient bone altar of Kikubaaqudgha.
  1687 | D:2      | Noticed Jessica
  1716 | D:2      | Reached XP level 4. HP: 16/27 MP: 4/4
  1884 | D:2      | Killed Jessica
  1884 | D:2      | Reached skill level 7 in Stealth
  2071 | D:3      | Slain by an orc

Skill      XL: |  1  2  3  4 |
---------------+-------------+-----
Stealth        | 6 7 |  7.2
Short Blades   | 3 |  3.2
Fighting       | |  2.5
Throwing       | |  2.6
Dodging        | |  1.5

Action                   |  1- 3 |  4- 6 || total
-------------------------+-------+-------++-------
Melee: Dagger            |    52 |    32 ||    84
Throw: Stone             |    31 |    11 ||    42
 Stab: Sleeping          |    13 |     3 ||    16
       Distracted        |     1 |       ||     1
  Eat: Chunk             |     1 |     1 ||     2
       Ration            |     1 |       ||     1
Armor: Robe              |     6 |     1 ||     7
Dodge: Dodged            |    27 |    16 ||    43
